 Dungeon Crawl Stone Soup version 0.27.1-2-g3b301248ec (webtiles) character file.

Game seed: 9296813479852757246

6 Descartes the Sneak (level 1, 0/10 HPs)
             Began as a Felid Delver on Oct 2, 2021.
             Slain by a water moccasin skeleton (6 damage)
             ... on level 6 of the Dungeon.
             The game lasted 00:02:07 (294 turns).

Descartes the Sneak (Felid Delver)                   Turns: 294, Time: 00:02:07

Health: 0/10       AC:  1    Str:  8    XL:     1   Next: 75%
Magic:  2/2        EV: 17    Int: 11    God:
Gold:   23         SH:  0    Dex: 17    Spells: 0/0 levels left
                                        Lives:  0   Deaths: 0

rFire    . . .     SeeInvis +     - Unarmed
rCold    . . .     Faith    .   (shield unavailable)
rNeg     . . .     Spirit   .   (armour unavailable)
rPois    .         Reflect  .   (helmet unavailable)
rElec    .         Harm     .   (cloak unavailable)
rCorr    .         Rampage  .   (gloves unavailable)
Will     .....                  (boots unavailable)
Stlth    ++++......             (no amulet)
HPRegen  0.03/turn              (no ring)
MPRegen  0.08/turn              (no ring)

@: quick
A: very small, claws 1, fangs 3, see invisible, speed 1, shaggy fur 1, stealthy
paws, no weapons or thrown items, no armour, multi-lived
a: no special abilities


You were on level 6 of the Dungeon.
You visited 1 branch of the dungeon, and saw 3 of its levels.

You collected 23 gold pieces.

Inventory:

Wands
 e - a wand of digging (3)
Scrolls
 a - a scroll of fog
 b - a scroll of magic mapping
 c - a scroll of fear
 f - a scroll of identify {unknown}
Potions
 d - a potion of haste


   Skills:
 - Level 3.0 Fighting
 - Level 2.6 Dodging
 + Level 7.1 Stealth
 - Level 2.0 Unarmed Combat


You couldn't memorise any spells.
You didn't know any spells.
Your spell library contained the following spells:

 Spells                   Type           Power      Damage    Failure   Level
 Corona                   Hex            0%         N/A       34%         1
 Ensorcelled Hibernation  Hex/Ice        0%         N/A       47%         2
 Ignite Poison            Fire/Tmut/Pois 0%         N/A       71%         3
 Mephitic Cloud           Conj/Pois/Air  0%         N/A       71%         3
 Tukima's Dance           Hex            0%         N/A       71%         3
 Bolt of Magma            Conj/Fire/Erth 0%         4d4       100%        5


Dungeon Overview and Level Annotations

Branches:
Dungeon (6/15)
 Temple: D:4-7

Altars:

Shops:
D:5 =


Innate Abilities, Weirdness & Mutations

You have sharp claws.
You have razor-sharp teeth.
You have supernaturally acute eyesight. (SInv)
You cover ground quickly. (Speed+)
You are covered in fur. (AC +1)
Your paws help you pounce on unaware monsters.
You are incapable of wielding weapons or throwing items.
You cannot wear armour.
You gain extra lives every three experience levels.


Message History

Found 13 gold pieces.
An orc comes into view. It is wielding a +0 flail.
The orc barely misses you.
You scratch the orc.
The orc is almost dead.
The orc hits you with a +0 flail.
You scratch the orc but do no damage.
The orc is almost dead.
The orc closely misses you.
You scratch the orc.
You kill the orc!
Your Stealth skill increases to level 7!
No target in view!
HP restored.
Things that are here:
a +0 flail; a +0 ring mail You now have 23 gold pieces (gained 13).
You see here a +0 leather armour.
Found a stone staircase leading up.
There is a stone staircase leading up here.
Found 14 gold pieces.
A water moccasin skeleton comes into view.
A water moccasin skeleton comes into view.
Found a stone staircase leading up.
The water moccasin skeleton misses you.
You barely miss the water moccasin skeleton.
The water moccasin skeleton misses you.
You scratch the water moccasin skeleton.
Your bite misses the water moccasin skeleton.
The water moccasin skeleton is lightly damaged.
The water moccasin skeleton bites you.
Ouch! That really hurt!
You are too injured to fight recklessly!
You are too injured to fight recklessly!
You see here 14 gold pieces.
You scratch the water moccasin skeleton.
The water moccasin skeleton is lightly damaged.
The water moccasin skeleton bites you.
Ouch! That really hurt!
You die...

...#.#.# #.# ####.#.#
#.# .. ..#.# #.#
######.# #.# ..# #.#
... #.# #.# #.# #@#
#Z# .. ###Z######.
... #..........
...#####+##..........
.....................
...........$.........
...........#########.
...........#


You could see 2 water moccasin skeletons.

Vanquished Creatures
  3 orcs
3 creatures vanquished.

Notes
Turn   | Place    | Note
-------+----------+-------------------------------------------
     0 | D:5      | Descartes the Felid Delver began the quest for the Orb.
     0 | D:5      | Reached XP level 1. HP: 10/10 MP: 2/2
     2 | D:5      | Noticed an orc wizard
     2 | D:5      | Noticed an orc priest
   164 | D:5      | Found Etayrikho's Jewellery Boutique.
   180 | D:5      | Noticed a black bear
   188 | D:4      | You fall into a shaft and drop 2 floors!
   204 | D:6      | Reached skill level 7 in Stealth
   294 | D:6      | Slain by a water moccasin skeleton

Illustrated notes

Levels and vault maps discovered:
D:4:      layout_gridville, serial_shops, shop
D:5:      layout_cave_pools, serial_shops, nicolae_lakefront_shop, shop, shop,
          mrwooster_statue_mirror, minivault_24
D:6:      layout_basic

Skill      XL: |  1 |
---------------+----+-----
Stealth        | 7 |  7.1
Fighting       | |  3.0
Dodging        | |  2.6
Unarmed Combat | |  2.0

Action                   || total
-------------------------++-------
Melee: Unarmed           ||     8
 Stab: Sleeping          ||     2
Dodge: Dodged            ||     4
